 Dungeon Crawl Stone Soup version 0.25.0-26-g0c896c7088 (webtiles) character file.

Game seed: 11889703013663851734

124089 xccam the Dancer (level 16, -4/112 HPs)
             Began as an Octopode Assassin on July 2, 2020.
             Was a Believer of Uskayaw.
             Slain by a ghost crab (10 damage)
             ... on level 4 of the Swamp.
             The game lasted 00:42:02 (32248 turns).

xccam the Dancer (Octopode Assassin)               Turns: 32248, Time: 00:42:03

Health: -4/112     AC: 10    Str: 14    XL:     16   Next: 92%
Magic:  30/30      EV: 28    Int: 15    God:    Uskayaw [**....]
Gold:   1958       SH: 19    Dex: 28    Spells: 15/15 levels left

rFire    x . .     SeeInvis +   R - +3 dagger (protect)
rCold    + + .     Gourm    .   Y - +5 kite shield {reflect}
rNeg     . . .     Faith    .   (helmet restricted)
rPois    +         Spirit   .   X - amulet of regeneration
rElec    .         Reflect  +   r - +6 ring of dexterity
rCorr    .         Harm     .   v - ring of flight
MR       ++...                  y - +4 ring of evasion
Stlth    +++++++...             f - ring of Turr {rC+ Dex+7}
HPRegen  0.68/turn              V - ring of see invisible
MPRegen  0.22/turn              O - ring of ice
                                (no ring)
                                (no ring)

@: about to teleport, protection aura, heavily drained
A: almost no armour, stealthy swim, amphibious, 8 rings, constrict 8, slimy
green scales 1, camouflage 1, high mp 1, magic resistance 1, poison resistance,
gelatinous body 1
a: Stomp, Line Pass, Renounce Religion, Evoke Flight


You were on level 4 of the Swamp.
You worshipped Uskayaw.
Uskayaw was pleased with you.
You were not hungry.

You visited 3 branches of the dungeon, and saw 25 of its levels.
You also visited: Ice Cave.

You collected 1958 gold pieces.

Inventory:

Hand Weapons
 N - a +4 dagger
 R - a +3 dagger of protection (weapon)
Missiles
 b - 63 poisoned darts (quivered)
 c - 2 curare-tipped darts
 x - 2 datura-tipped darts
Armour
 Y - a +5 kite shield of reflection (worn)
Jewellery
 f - the ring of Turr (on tentacle) {rC+ Dex+7}
   (You found it on level 9 of the Dungeon)

   [ring of protection from cold]

   It affects your dexterity (+7).
   It protects you from cold.
 r - a +6 ring of dexterity (left tentacle)
 v - a ring of flight (right tentacle)
 y - a +4 ring of evasion (on tentacle)
 O - a ring of ice (on tentacle)
 V - a ring of see invisible (on tentacle)
 X - an amulet of regeneration (around mantle)
Wands
 g - a wand of clouds (4)
 h - a wand of polymorph (21)
 m - a wand of disintegration (29)
 u - a wand of flame (11)
 z - a wand of paralysis (23)
 B - a wand of iceblast (30)
 D - a wand of enslavement (8)
 I - a wand of digging (17)
 M - a wand of acid (25)
Scrolls
 e - 6 scrolls of amnesia
 j - 2 scrolls of enchant armour
 k - 13 scrolls of remove curse
 p - 6 scrolls of teleportation
 q - 4 scrolls of enchant weapon
 s - 7 scrolls of identify
 t - 6 scrolls of magic mapping
 w - 6 scrolls of fog
 L - a scroll of summoning
 P - 3 scrolls of holy word
 U - 2 scrolls of vulnerability
Potions
 a - a potion of berserk rage {unknown}
 i - 4 potions of haste
 l - a potion of flight
 n - a potion of mutation
 o - 4 potions of lignification
 A - a potion of heal wounds
 C - a potion of might
 F - 2 potions of magic
 G - 5 potions of cancellation
 H - 6 potions of curing
 J - a potion of invisibility
 K - 4 potions of ambrosia
 Q - 2 potions of resistance
 S - a potion of brilliance
Comestibles
 d - 49 rations
 E - 2 chunks of flesh


   Skills:
 + Level 11.1(9.2) Fighting
 - Level 10.0(8.1) Short Blades
 - Level 2.0(0.5) Throwing
 + Level 12.7(10.7) Dodging
 + Level 13.7(11.7) Stealth
 - Level 15.0(12.9) Shields
 + Level 15.5(13.4) Invocations


You had 15 spell levels left.
You didn't know any spells.
Your spell library contained the following spells:

 Spells                   Type           Power        Failure   Level  Hunger
 Animate Skeleton         Necr           N/A          34%         1    ##.....
 Apportation              Tloc           #.....       34%         1    ##.....
 Beastly Appendage        Tmut           #.....       34%         1    ##.....
 Corona                   Hex            #......      34%         1    ##.....
 Foxfire                  Conj/Fire      #...         34%         1    ##.....
 Summon Small Mammal      Summ           #...         34%         1    ##.....
 Ensorcelled Hibernation  Hex/Ice        #.....       45%         2    ###....
 Sticks to Snakes         Tmut           #.......     45%         2    ###....
 Sublimation of Blood     Necr           #.........   45%         2    ###....
 Confusing Touch          Hex            #.......     71%         3    ####...
 Conjure Flame            Conj/Fire      #.......     71%         3    ####...
 Dazzling Flash           Conj/Hex       #.....       71%         3    ####...
 Gell's Gravitas          Tloc           #.........   71%         3    ####...
 Ignite Poison            Fire/Tmut/Pois #.......     71%         3    ####...
 Inner Flame              Hex/Fire       #.......     71%         3    ####...
 Portal Projectile        Hex/Tloc       #.....       71%         3    ####...
 Spider Form              Tmut/Pois      #.........   71%         3    ####...
 Tukima's Dance           Hex            #.......     71%         3    ####...
 Ice Form                 Ice/Tmut       #.......     98%         4    #####..
 Petrify                  Tmut/Erth      #.......     98%         4    #####..
 Sticky Flame             Conj/Fire      #.......     98%         4    #####..
 Alistair's Intoxication  Tmut/Pois      #.......     100%        5    ######.
 Blade Hands              Tmut           #.........   100%        5    ######.
 Bolt of Magma            Conj/Fire/Erth #.........   100%        5    ######.
 Borgnjor's Vile Clutch   Necr/Erth      #.........   100%        5    ######.
 Fireball                 Conj/Fire      #.........   100%        5    ######.
 Irradiate                Conj/Tmut      #.........   100%        5    ######.
 Iskenderun's Battlesphe  Conj/Chrm      #.......     100%        5    ######.
 Metabolic Englaciation   Hex/Ice        #.........   100%        5    ######.
 Silence                  Hex/Air        #.........   100%        5    ######.
 Yara's Violent Unravell  Hex/Tmut       #.........   100%        5    ######.
 Darkness                 Hex            #.........   100%        6    #######
 Dispersal                Tloc           #.........   100%        6    #######
 Eringya's Noxious Bog    Tmut/Pois      #.........   100%        6    #######
 Iron Shot                Conj/Erth      #.........   100%        6    #######
 Shadow Creatures         Summ           N/A          100%        6    #######
 Orb of Destruction       Conj           #.........   100%        7    #######
 Spellforged Servitor     Conj/Summ      #.........   100%        7    #######
 Controlled Blink         Tloc           N/A          100%        8    #######
 Disjunction              Tloc           #.........   100%        8    #######


Dungeon Overview and Level Annotations

Branches:
Dungeon (15/15)            Temple (0/1) D:5            Lair (6/6) D:10
  Swamp (4/4) Lair:3        Snake (0/4) Lair:2        Slime (0/5) Lair:5
    Orc (0/2) D:9          Vaults (0/5) D:13         Depths (0/5) D:15
  IceCv (visited)

Altars:
Ashenzari
Dithmenos
Elyvilon
Gozag
Hepliaklqana
Kikubaaqudgha
Makhleb
Nemelex Xobeh
Okawaru
Qazlal
Ru
Sif Muna
Trog
Uskayaw
Wu Jian
Xom
Zin
Jiyva

Shops:
D:4 }   D:5 [

Annotations:
D:6 3 runed translucent doors, Asparus's ghost, amateur DEAE; Kono's ghost, amateur GrFi; Noname's ghost, novice FoFi; SamuraiZach's ghost, novice TrBe; SamuraiZach's ghost, novice TrHu
D:15 3 runed translucent doors, AyAyRon's ghost, adept DsFi; Lufas's ghost, journeyman GrFi; Zolusmue's ghost, adept DEFE
Swamp:4 1 exclusion


Innate Abilities, Weirdness & Mutations

You cannot wear most types of armour.
You are very stealthy in the water. (Stealth+)
You are amphibious.
You can wear up to eight rings at the same time.
You can use your tentacles to constrict eight enemies at once.
Your skin changes colour to match your surroundings (Stealth+).
Your rubbery body absorbs attacks. (AC +1, EV +1)
You are partially covered in slimy green scales. (AC +2)
You have an increased reservoir of magic. (+10% MP)
You are resistant to hostile enchantments. (MR+)
Your system is resistant to poisons. (rPois)


Message History

You constrict the ghost crab.
The spectral spriggan rider fades away!
You block the spectral anaconda's attack. x2
The ghost crab closely misses you. The ghost crab claws you.
* * * LOW HITPOINT WARNING * * *
You feel drained.
* * * LOW HITPOINT WARNING * * *
The spectral anaconda completely misses you. x2
The spectral spiny frog completely misses you.
The spectral swamp drake bites you.
* * * LOW HITPOINT WARNING * * *
You feel drained.
* * * LOW HITPOINT WARNING * * *
You block the spectral tyrant leech's attack.
As you read the scroll of teleportation, it crumbles to dust.
You feel strangely unstable.
You are engulfed in spectral mist.
* * * LOW HITPOINT WARNING * * *
You constrict the ghost crab.
The spectral spiny frog fades away!
You block the spectral anaconda's attack. x2
The ghost crab bites you!
You die...

*** **,,,≈*** ≈,*** ♣♣♣♣♣
*♣♣.≈≈≈≈≈,* ≈,≈≈*
♣.≈.♣♣♣♣*♣...≈≈≈≈≈,, ≈,,≈*
♣.....≈♣♣≈...≈≈≈,**≈ ≈,,.♣♣♣♣♣*
♣♣≈..≈.≈≈..≈♣♣,,≈****
≈≈<..≈..≈♣♣♣♣...≈≈≈..≈≈§≈♣*******
≈≈,≈≈≈≈≈≈...≈≈°.Z°☼.≈≈≈≈.♣ ****,,
≈,≈≈≈≈≈≈≈≈≈.♣..tZZ°≈≈≈≈≈.♣**≈,≈≈,
≈,≈≈.≈...?..≈..Z@≈♣♣♣♣...≈≈,≈≈≈≈,
≈,*♣♣♣♣♣♣♣.≈≈.♣♣.♣♣ *.≈≈§,≈≈≈≈≈≈
≈** ♣.≈≈○§♣○.♣****,..≈≈≈≈≈≈≈≈ ***
****♣.≈≈°○≈..♣♣.≈♣♣≈..≈≈≈≈≈≈≈
,≈***,≈≈.♣♣≈.§≈≈≈.....♣***≈≈≈≈≈≈≈
≈,,*,≈≈≈.≈≈..≈.≈≈......***,≈,,≈≈≈
≈,,,≈≈≈≈≈≈§≈≈.≈..♣.≈.≈♣*,,,,,,≈≈≈
,≈≈≈≈.§≈≈≈≈≈≈≈.♣♣≈..≈≈♣*,≈≈≈,≈***
≈≈≈≈≈≈≈≈≈≈≈.≈≈<♣*♣≈..≈.**≈≈≈≈,* *


You could see a ghost crab, a spectral anaconda (summoned), a spectral tyrant
leech (summoned), a spectral swamp drake (summoned) and a spectral snapping
turtle (summoned).

Vanquished Creatures
  A thorn hunter (Swamp:2)
  Donald (Swamp:3)
  Roxanne (Swamp:3)
  The ghost of Kiebel the Spear-Bearer, a journeyman OpWn of Okawaru (Swamp:2)
  2 very ugly things (Swamp:2)
  A fire dragon (Lair:6)
  8 vault guards (D:13)
  Josephine (Lair:4)
  Harold (D:8)
  15 hydras
  7 alligators
  An ogre mage (D:15)
  A catoblepas (D:15)
  2 ghost crabs
  3 centaur warriors
  A death knight (D:11)
  8 two-headed ogres
  Nergalle (Lair:1)
  A spriggan (Swamp:1)
  2 unseen horrors
  2 wizards (D:15)
  A necromancer (IceCv)
  5 swamp dragons
  A harpy (shapeshifter) (D:14)
  3 deep elf magi
  An orc sorcerer (D:15)
  An orc knight (D:15)
  15 ugly things (D:14)
  An oklob plant (Lair:6)
  A wolf spider (Lair:6)
  2 guardian serpents
  3 elephants (Lair:6)
  3 ice statues (IceCv)
  Psyche (D:10)
  14 black mambas
  A naga mage (D:15)
  2 gargoyles
  5 rime drakes
  26 spiny frogs
  2 centaur skeletons
  7 komodo dragons
  A freezing wraith (D:14)
  7 ice devils (IceCv)
  2 polar bears
  A troll (D:12)
  6 hornets
  12 tyrant leeches
  4 dream sheep (Lair:5)
  26 blink frogs
  22 slime creatures
  10 bog bodies
  A raiju (shapeshifter) (D:15)
  Prince Ribbit (D:9)
  8 hippogriffs
  A redback (Lair:6)
  4 shadows
  12 wyverns
  19 yaks
  5 wraiths (Lair:4)
  Grum (Lair:1)
  3 hogs (D:7)
  10 basilisks
  A human (D:7)
  A fire bat (shapeshifter) (D:14)
  5 hungry ghosts
  2 steam dragons (Lair:6)
  16 vampire mosquitoes
  2 acid dragons (D:15)
  16 swamp worms
  22 water moccasins
  4 wargs (D:9)
  17 porcupines
  8 swamp drakes
  15 ice beasts
  8 orc warriors
  6 sky beasts
  5 phantoms
  A necrophage (D:14)
  5 ogres
  8 wolves
  19 centaurs
  13 crocodiles
  2 big kobolds
  14 bullfrogs
  A wyvern zombie (D:13)
  6 scorpions
  A killer bee (D:8)
  3 howler monkeys
  16 wights
  2 electric eels
  9 crimson imps
  5 centaur zombies
  2 draconian simulacra (IceCv)
  A bullfrog zombie (D:12)
  9 orc wizards
  6 hounds
  9 jellies
  2 quasits
  5 orc priests
  2 bullfrog skeletons (D:5)
  6 iguanas
  A spriggan simulacrum (IceCv)
  4 troll simulacra (IceCv)
  5 worker ants
  A centaur simulacrum (IceCv)
  2 hound zombies (D:5)
  A worker ant zombie (D:11)
  16 adders
  3 gnolls (D:9)
  2 howler monkey skeletons
  A naga simulacrum (IceCv)
  An ogre simulacrum (IceCv)
  3 river rats (Lair:1)
  5 shadow imps
  An adder skeleton (D:9)
  4 worms
  A dart slug (D:1)
  8 leopard geckos
  42 orcs
  3 giant cockroaches
  8 goblins
  9 hobgoblins
  14 jackals
  16 kobolds
  A ball python skeleton (D:4)
  5 bats
  2 frilled lizards
  A jackal skeleton (D:4)
  A quokka skeleton (D:4)
  8 rats
  A butterfly (Lair:3)
  2 fungi
759 creatures vanquished.

Vanquished Creatures (others)
  A slime creature (Swamp:3)
  A swamp worm (Swamp:3)
  A scorpion (D:8)
  A howler monkey (D:8)
  A jelly (D:15)
  An iguana (D:8)
  A worker ant (D:8)
  An adder (D:8)
  2 orcs (D:8)
  19 fungi
  25 plants
54 creatures vanquished.

Grand Total: 813 creatures vanquished

Notes
Turn   | Place    | Note
-------+----------+-------------------------------------------
     0 | D:1      | xccam the Octopode Assassin began the quest for the Orb.
     0 | D:1      | Reached XP level 1. HP: 14/14 MP: 1/1
   114 | D:1      | Reached XP level 2. HP: 19/19 MP: 2/2
   684 | D:1      | Reached XP level 3. HP: 24/24 MP: 3/3
  1478 | D:2      | Reached XP level 4. HP: 10/29 MP: 4/4
  1805 | D:2      | Found a shimmering blue altar of Sif Muna.
  2445 | D:3      | Reached skill level 5 in Short Blades
  2486 | D:3      | Reached XP level 5. HP: 34/34 MP: 5/5
  2832 | D:4      | Found an iron altar of Okawaru.
  2841 | D:4      | Reached XP level 6. HP: 19/39 MP: 6/6
  3153 | D:4      | Found Ytsumeur's Gadget Shoppe.
  3229 | D:5      | Entered Level 5 of the Dungeon
  3271 | D:5      | Noticed a phantom
  3322 | D:5      | Killed a phantom
  3399 | D:5      | Found Buphymacw's Antique Armour Shoppe.
  3414 | D:5      | Found a sacrificial altar of Ru.
  3414 | D:5      | Found a hide-covered altar of Uskayaw.
  3415 | D:5      | Found a shattered altar of Ashenzari.
  3421 | D:5      | Became a worshipper of Uskayaw the Reveler
  3445 | D:5      | Reached * piety under Uskayaw
  3452 | D:5      | Reached ** piety under Uskayaw
  3615 | D:5      | Found an opulent altar of Gozag.
  3619 | D:5      | Found a staircase to the Ecumenical Temple.
  3635 | D:5      | Reached XP level 7. HP: 46/46 MP: 7/7
  3771 | D:5      | Reached *** piety under Uskayaw
  4859 | D:6      | Reached **** piety under Uskayaw
  4863 | D:6      | Reached ***** piety under Uskayaw
  4865 | D:6      | Reached XP level 8. HP: 22/54 MP: 8/8
  5055 | D:6      | Found a stormy altar of Qazlal.
  5235 | D:6      | Reached skill level 5 in Fighting
  5326 | D:6      | Found a sparkling altar of Nemelex Xobeh.
  5327 | D:6      | Found a bloodstained altar of Trog.
  5327 | D:6      | Found a white marble altar of Elyvilon.
  5449 | D:6      | Reached skill level 5 in Dodging
  5573 | D:6      | Found a hazy altar of Hepliaklqana.
  5659 | D:6      | Found a runed translucent gate.
  5659 | D:6      | Found a runed translucent gate.
  5659 | D:6      | Found a runed translucent gate.
  5659 | D:6      | Noticed Asparus's ghost (amateur DEAE)
  5659 | D:6      | Noticed SamuraiZach's ghost (novice TrHu)
  5660 | D:6      | Noticed Noname's ghost (novice FoFi)
  5660 | D:6      | Noticed SamuraiZach's ghost (novice TrBe)
  5662 | D:6      | Noticed Kono's ghost (amateur GrFi)
  6325 | D:7      | Reached skill level 1 in Invocations
  6325 | D:7      | Reached XP level 9. HP: 36/62 MP: 9/9
  6495 | D:7      | Found a burning altar of Makhleb.
  6495 | D:7      | Noticed a cacodemon
  6995 | D:8      | Noticed Harold
  7019 | D:8      | Killed Harold
  7019 | D:8      | Reached skill level 5 in Invocations
  7019 | D:8      | Reached XP level 10. HP: 31/68 MP: 13/13
  7022 | D:8      | Gained mutation: You are partially covered in slimy green
                  | scales. (AC +2) [potion of mutation]
  7022 | D:8      | Gained mutation: You are resistant to hostile enchantments.
                  | (MR+) [potion of mutation]
  7022 | D:8      | Gained mutation: You have an increased reservoir of magic.
                  | (+10% MP) [potion of mutation]
  7022 | D:8      | Gained mutation: Your system is resistant to poisons.
                  | (rPois) [potion of mutation]
  7059 | D:8      | Found an ornate altar of the Wu Jian Council.
  7397 | D:8      | Found a shimmering altar of Xom.
  7417 | D:8      | Noticed a two-headed ogre
  7422 | D:8      | Killed a two-headed ogre
  7422 | D:8      | Reached skill level 10 in Short Blades
  7777 | D:8      | Noticed a two-headed ogre
  7779 | D:8      | Killed a two-headed ogre
  7805 | D:8      | Found an iron altar of Okawaru.
  8123 | D:9      | Noticed Prince Ribbit
  8128 | D:9      | Killed Prince Ribbit
  8316 | D:9      | Found a staircase to the Orcish Mines.
  8341 | D:9      | Reached XP level 11. HP: 59/75 MP: 17/17
  8350 | D:9      | Reached ****** piety under Uskayaw
  8599 | D:9      | Got a wavering silver ring
  8600 | D:9      | Identified the ring of Turr {rC+ Dex+7} (You found it on
                  | level 9 of the Dungeon)
  8679 | D:9      | Reached skill level 10 in Stealth
  8970 | D:9      | Found a sacrificial altar of Ru.
  9034 | D:10     | Entered Level 10 of the Dungeon
  9501 | D:10     | Found a staircase to the Lair.
  9665 | D:10     | Noticed Psyche
  9675 | D:10     | Killed Psyche
 10072 | D:10     | Killed an unseen horror
 10262 | D:10     | Noticed a two-headed ogre
 10270 | D:10     | Killed a two-headed ogre
 10991 | D:11     | Noticed a death knight
 11001 | D:11     | Killed a death knight
 11175 | D:11     | Found a hide-covered altar of Uskayaw.
 11455 | D:11     | Noticed a manticore
 11666 | D:12     | Noticed a deep elf mage
 11672 | D:12     | Killed a deep elf mage
 11880 | D:12     | Reached XP level 12. HP: 63/85 MP: 20/20
 12719 | D:13     | Noticed a centaur warrior
 12724 | D:13     | Noticed a vault guard
 12731 | D:13     | Noticed a vault guard
 12736 | D:13     | Noticed a vault guard
 12741 | D:13     | Noticed a vault guard
 12742 | D:13     | Killed a centaur warrior
 13073 | D:13     | Killed a vault guard
 13073 | D:13     | Reached skill level 10 in Invocations
 13092 | D:13     | Killed a vault guard
 13115 | D:13     | Noticed a vault guard
 13131 | D:13     | Killed a vault guard
 13131 | D:13     | Reached skill level 10 in Fighting
 13131 | D:13     | Reached skill level 10 in Dodging
 13276 | D:13     | Noticed a vault guard
 13291 | D:13     | Killed a vault guard
 13456 | D:13     | Killed a vault guard
 13649 | D:13     | Noticed a vault guard
 13667 | D:13     | Killed a vault guard
 13729 | D:13     | Found a gate to the Vaults.
 13751 | D:13     | Killed a vault guard
 13955 | D:13     | Noticed a vault guard
 13970 | D:13     | Killed a vault guard
 14136 | D:13     | Reached XP level 13. HP: 92/92 MP: 23/23
 14770 | Lair:1   | Entered Level 1 of the Lair of Beasts
 14770 | Lair:1   | Noticed Nergalle
 14787 | Lair:1   | Killed Nergalle
 15027 | Lair:1   | Noticed Grum
 15813 | Lair:1   | Killed Grum
 16060 | Lair:2   | Found a staircase to the Snake Pit.
 16326 | Lair:2   | You fall into a shaft and drop 1 floor!
 17509 | Lair:3   | Reached skill level 1 in Shields
 17851 | Lair:3   | Reached skill level 5 in Shields
 18231 | Lair:3   | Reached XP level 14. HP: 99/99 MP: 25/25
 18240 | Lair:3   | Found a staircase to the Swamp.
 18597 | Lair:4   | Noticed Josephine
 18632 | Lair:4   | Killed Josephine
 19978 | Lair:5   | Found a staircase to the Slime Pits.
 19978 | Lair:5   | Found a viscous altar of Jiyva.
 20476 | Lair:6   | Entered Level 6 of the Lair of Beasts
 20607 | Lair:6   | Reached skill level 10 in Shields
 21628 | Lair:6   | Reached XP level 15. HP: 82/103 MP: 26/26
 23119 | D:14     | Found a frozen archway.
 23162 | IceCv    | Entered an ice cave
 24337 | D:14     | Found a shadowy altar of Dithmenos.
 24958 | D:14     | Found a bloodstained altar of Trog.
 25364 | D:15     | Entered Level 15 of the Dungeon
 25645 | D:15     | Found a runed translucent gate.
 25645 | D:15     | Found a runed translucent gate.
 25645 | D:15     | Found a runed translucent gate.
 25645 | D:15     | Found an ancient bone altar of Kikubaaqudgha.
 25645 | D:15     | Noticed Lufas's ghost (journeyman GrFi)
 25645 | D:15     | Noticed Zolusmue's ghost (adept DEFE)
 25645 | D:15     | Noticed AyAyRon's ghost (adept DsFi)
 25646 | D:15     | Noticed a lich
 25646 | D:15     | Noticed a lich
 26284 | D:15     | Found a staircase to the Depths.
 26322 | D:15     | Reached XP level 16. HP: 61/109 MP: 29/29
 26841 | Swamp:1  | Entered Level 1 of the Swamp
 27637 | Swamp:1  | Reached skill level 15 in Shields
 27844 | Swamp:2  | Found a runed translucent door.
 28811 | Swamp:2  | Found a glowing silver altar of Zin.
 28955 | Swamp:2  | Reached skill level 15 in Invocations
 29071 | Swamp:2  | Noticed Kiebel's ghost (journeyman OpWn)
 29127 | Swamp:2  | Killed Kiebel's ghost
 29453 | Swamp:2  | Noticed a thorn hunter
 29460 | Swamp:2  | Killed a thorn hunter
 30783 | Swamp:3  | Noticed Roxanne
 31192 | Swamp:3  | Killed Roxanne
 31296 | Swamp:3  | Noticed Donald
 31298 | Swamp:3  | HP: 5/111 [spectral five-headed hydra[a ghost crab] (3)]
 31579 | Swamp:3  | Killed Donald
 32171 | Swamp:4  | Entered Level 4 of the Swamp
 32248 | Swamp:4  | HP: 5/112 [ghost crab] (16)]
 32248 | Swamp:4  | Slain by a ghost crab

Illustrated notes

Levels and vault maps discovered:
D:1:      minmay_arrival_stone_box, layout_loops_ring, columned_hall_lemuel
D:2:      layout_basic, lemuel_coloured_pillars_altar, serial_park_tiny_2
D:3:      layout_loops_cross
D:4:      layout_basic, serial_shops, kennysheep_mini_moat, okawaru_trees_1
D:5:      layout_loops_ring, nicolae_gozag_cash_rules_everything_around_me,
          grunt_temple_overflow_open, minmay_temple_entry_crystal_x,
          serial_shops, shop, first_ration
D:6:      layout_cave_pools, nicolae_overflow_quartered_altars,
          gammafunk_ghost_cemetery, kb_lookout_dungeons_type,
          grunt_qazlal_sundering
D:7:      layout_basic, makhleb_altar_promises_db, grunt_livestock
D:8:      layout_loops_ring, lemuel_round_altar, xom_confusion_cloud,
          basic_altar, st_stairs_1, uniq_harold
D:9:      layout_loops_ring, minmay_orc_entry_guard_dogs,
          nicolae_ru_path_of_blood, uniq_prince_ribbit1
D:10:     layout_layer_cave, grunt_lair_entry_orc_guard_hut, uniq_psyche
D:11:     layout_loops_ring, basic_altar
D:12:     layout_basic
D:13:     layout_roguey, erik_vaults_2
D:14:     layout_roguey, portal_ice_cave_entry_ice_beasts, basic_altar,
          nicolae_dithmenos_the_darkroom, nrook_campfire
D:15:     grunt_enter_depths_magical_seal, layout_cave_pools,
          gammafunk_ghost_crypt
Lair:1:   layout_misc_corridors, pond, uniq_nergalle, uniq_grum
Lair:2:   layout_long_grid, minmay_snake_entry_spellcaster, lemuel_fruit_tree
Lair:3:   layout_regular_city, nicolae_swamp_entry_splash_gauntlet,
          beast_lair_carwin_7, lemuel_fruit_fields
Lair:4:   layout_regular_city, serial_bayou_pond_e, kennysheep_basilisk_garden,
          uniq_josephine
Lair:5:   layout_hall_layers, slime_altar_1, infiniplex_staircase_pool
Lair:6:   hangedman_lair_tendril_chambers, layout_long_grid,
          guppyfry_lair_end_dragon, dpeg_stationary_puzzle
Swamp:1:  layout_basic_swamp, serial_swamp_ruin, evilmike_swamp_ruin_house_2,
          evilmike_swamp_ruin_house_5, hangedman_swamp_ruin_wall
Swamp:2:  layout_falls_marsh, ebering_ghost_reflecting_pool, basic_altar,
          hangedman_swamp_muck
Swamp:3:  layout_basic_swamp, evilmike_swamp_ruin_house_4, uniq_donald,
          uniq_roxanne
Swamp:4:  swamp, layout_basic_swamp

Skill      XL: |  1  2  3  4  5  6  7  8  9 10 11 12 13 14 15 16 |
---------------+-------------------------------------------------+-----
Short Blades   | 3 4 5 6 7 8 9 10 | 10.0
Dodging        | 2 3 5 6 7 9 10 11 12 | 12.7
Fighting       | 3 4 5 6 7 9 10 11 | 11.1
Invocations    | 1 5 6 9 11 12 14 15 | 15.5
Stealth        | 8 9 10 11 13 | 13.7
Shields        | 5 12 14 15 | 15.0
Throwing       | |  2.0

Action                   |  1- 3 |  4- 6 |  7- 9 | 10-12 | 13-15 | 16-18 || total
-------------------------+-------+-------+-------+-------+-------+-------++-------
Melee: Dagger            |    69 |    95 |   244 |   618 |  1403 |   742 ||  3171
       Constrict         |    18 |    16 |    43 |    48 |   110 |    31 ||   266
       Tentacles         |    11 |    26 |    61 |   194 |   533 |   281 ||  1106
Invok: Stomp             |       |       |       |     2 |     5 |     5 ||    12
Evoke: Wand              |       |       |       |       |     4 |     5 ||     9
  Use: Potion            |       |       |     2 |    10 |       |     4 ||    16
       Scroll            |       |       |       |    12 |     9 |    12 ||    33
 Stab: Sleeping          |    10 |    15 |    12 |    39 |    78 |    24 ||   178
       Distracted        |       |     1 |       |     2 |    15 |       ||    18
       Paralysed         |       |       |    14 |    30 |    86 |    36 ||   166
       Confused          |       |       |       |     1 |       |     1 ||     2
  Eat: Chunk             |     2 |     6 |     8 |    26 |    36 |    16 ||    94
       Ration            |       |       |     1 |       |     1 |     1 ||     3
Armor: Skin              |     3 |     3 |     3 |    18 |    66 |    26 ||   119
Dodge: Dodged            |    24 |    38 |   111 |   266 |   603 |   309 ||  1351
Block: Other             |       |       |     5 |    64 |    44 |       ||   113
       Reflection        |       |       |     1 |     1 |    20 |     5 ||    27
       Kite shield       |       |       |       |       |   594 |   407 ||  1001
